 Dungeon Crawl Stone Soup version 0.31-a0-237-g2d982f9f85 (webtiles) character file.

Game seed: 4382560976388643119

367 qw the Shooter (level 6, -1/52 HPs)
             Began as a Minotaur Hexslinger on July 10, 2023.
             Slain by an ogre
             ... wielding a +0 giant spiked club
              (9 damage)
             ... on level 4 of the Dungeon.
             The game lasted 00:01:24 (3716 turns).

qw the Shooter (Minotaur Hexslinger)                Turns: 3716, Time: 00:01:25

Health: -1/52      AC:  9    Str: 12    XL:     6   Next: 41%
Magic:  6/6        EV: 11    Int: 10    God:
Gold:   44         SH:  0    Dex: 15    Spells: 6/7 levels left

rFire   + . .        Y - +1 sling (flame)
rCold   . . .        (no shield)
rNeg    . . .        j - +0 ring mail {rF+}
rPois   .            (helmet restricted)
rElec   .            (no cloak)
rCorr   .            f - +0 pair of gloves
SInv    .            i - +2 pair of boots
Will    .....        (no amulet)
Stlth   +            (no ring)
HPRegen 0.28/turn    (no ring)
MPRegen 0.10/turn

%: no passive effects
@: about to teleport
A: horns 2, retaliatory headbutt
a: no special abilities


You were on level 4 of the Dungeon.
You visited 1 branch of the dungeon, and saw 5 of its levels.

You collected 224 gold pieces.
You spent 180 gold pieces at shops.


Innate Abilities, Weirdness & Mutations

You have a pair of horns on your head.
You reflexively headbutt those who attack you in melee.


   Skills:
 - Level 4.1 Fighting
 + Level 6.4 Ranged Weapons
 - Level 1.1 Armour
 - Level 2.1 Dodging
 - Level 1.0 Spellcasting
 - Level 2.0 Hexes


You had 6 spell levels left.
You knew the following spells:

 Your Spells              Type           Power      Damage    Failure   Level
a - Slow                  Hex            16%        N/A       34%         1

Your spell library contained the following spells:

 Spells                   Type           Power      Damage    Failure   Level
 Inner Flame              Hex/Fire       2%         N/A       83%         3
 Portal Projectile        Hex/Tloc       4%         N/A       83%         3
 Cause Fear               Hex            2%         N/A       98%         4

Inventory:

Hand Weapons
 Y - a +1 sling of flaming (weapon)
Armour
 f - a +0 pair of gloves (worn)
 i - a +2 pair of boots (worn)
 j - a +0 ring mail of fire resistance (worn)
Scrolls
 a - a scroll of identify
Potions
 b - a potion of cancellation
 c - a potion of resistance
 d - 2 potions of might
 e - a potion of curing
 l - a potion of attraction {unknown}
 m - a potion of mutation

Dungeon Overview and Level Annotations

Branches:
Dungeon (5/15)
 Temple: D:4-7

Altars:
Vehumet
Zin

Shops:
D:3 (   D:4 =!***


Message History

The ogre is severely wounded.
The orc barely misses you.
The shadow imp hits you but does no damage.
The ogre misses you.
You shoot a sling bullet. The sling bullet hits the ogre.
The sling bullet burns the ogre.
The ogre is almost dead.
The orc priest barely misses you. The shadow imp barely misses you.
You shoot a sling bullet.
The sling bullet barely misses the ogre.
The ogre hits you with a +0 giant spiked club!
The orc barely misses you.
The orc priest hits you but does no damage.
The orc barely misses you. The shadow imp hits you.
The orc hits you with a +0 club. The orc priest misses you.
The shadow imp hits you but does no damage.
The orc hits you with a +0 short sword.
3712 ||| STAIRDANCE The ogre barely misses you.
You furiously retaliate!
You headbutt the ogre. The orc closely misses you. You furiously retaliate!
You headbutt the orc. The orc priest hits you with a +0 club.
The orc hits you but does no damage. The shadow imp closely misses you.
You climb upwards.
There is a stone staircase leading down here.
You shoot a sling bullet.
The sling bullet barely misses the ogre.
The orc hits you but does no damage. The shadow imp gestures at you.
Pain shoots through your body! The orc hits you but does no damage.
The ogre barely misses you. The orc priest closely misses you.
3715 ||| READING scroll of teleportation.
As you read the scroll of teleportation, it crumbles to dust.
You feel strangely unstable.
The orc priest hits you but does no damage.
The shadow imp hits you but does no damage.
The orc closely misses you. The orc hits you with a +0 short sword.
You shoot a sling bullet.
The sling bullet barely misses the ogre.
The ogre hits you with a +0 giant spiked club!
You die...

....## ##....#
###### .....#
#.....# #.....
.(...# #.....##
#..... .....###
##.....# #.....
.......######
#.....# #.....
.....#......##
#.....# #.....
.(..####.....###
##....# #..... ...##
#........#####....#
#..... ..##
##........o@O###...#
##.... ..#
#.........o5o..<#.##
##.#... ###
##..........####.##
#.##### ###.......##
### ### #########


You could see an ogre, an orc priest, a shadow imp and 2 orcs.

Vanquished Creatures
  A phantom (D:4)
  2 jellies (D:4)
  2 hounds
  An orc wizard (D:3)
  6 adders
  A shadow imp (D:4)
  A white imp (D:4)
  A worm (D:2)
  A dart slug (D:2)
  5 orcs
  7 endoplasms
  3 giant cockroaches
  6 goblins
  3 hobgoblins
  5 jackals
  4 quokkas
  9 ball pythons
  6 bats
  4 frilled lizards
  2 kobolds
  7 rats
77 creatures vanquished.

Notes
Turn   | Place    | Note
-------+----------+-------------------------------------------
     0 | D:1      | qw the Minotaur Hexslinger began the quest for the Orb.
     0 | D:1      | Reached XP level 1. HP: 16/16 MP: 1/1
     0 | D:1      | 0 ||| qw: Version: 0.3-a-52-g30416fa
     0 | D:1      | 0 ||| qw: Game counter: 5059
     0 | D:1      | 0 ||| qw: Melee chars always use a shield: true
     0 | D:1      | 0 ||| qw: God list: Okawaru
     0 | D:1      | 0 ||| qw: Allow faded altars: false
     0 | D:1      | 0 ||| qw: Do Orc after clearing Dungeon:15 true
     0 | D:1      | 0 ||| qw: Do second Lair branch before Depths: true
     0 | D:1      | 0 ||| qw: Lair rune preference: random
     0 | D:1      | 0 ||| qw: Goals: Normal
     0 | D:1      | 0 ||| PLANNING D:1-11
   261 | D:1      | Reached skill level 3 in Ranged Weapons
   261 | D:1      | Reached XP level 2. HP: 23/23 MP: 2/2
   679 | D:1      | 679 ||| UPGRADING to +0 leather armour.
   689 | D:1      | 689 ||| DROPPING +0 robe.
   690 | D:1      | 690 ||| UPGRADING to +0 ring mail of fire resistance.
   700 | D:1      | 700 ||| DROPPING +0 leather armour.
   701 | D:1      | 701 ||| DROPPING ring of flight.
   702 | D:1      | 702 ||| READING 3 scrolls labelled MUSENA BAEWO.
   703 | D:1      | 703 ||| READING 2 scrolls labelled OTARHA PUDA.
   706 | D:1      | 706 ||| READING scroll labelled XEINIKHLAGREQ.
   707 | D:1      | 707 ||| READING scroll labelled YSMOUBLUOFAT.
   708 | D:1      | 708 ||| READING 2 scrolls of identify.
   708 | D:1      | 708 ||| IDENTIFYING murky orange potion
   709 | D:1      | 709 ||| DROPPING scroll of poison.
   862 | D:2      | Found a glowing silver altar of Zin.
   949 | D:2      | Reached XP level 3. HP: 18/29 MP: 3/3
  1072 | D:2      | Reached skill level 4 in Ranged Weapons
  1265 | D:2      | Reached skill level 1 in Armour
  1611 | D:2      | 1611 ||| UPGRADING to +0 pair of boots.
  1616 | D:2      | 1616 ||| READING scroll of enchant armour.
  1616 | D:2      | 1616 ||| ENCHANTING +0 pair of boots.
  1617 | D:2      | 1617 ||| READING scroll labelled HIACHA KUUCREP.
  1618 | D:2      | 1618 ||| READING scroll labelled IMI RYINLOCO.
  1730 | D:3      | 1730 ||| READING scroll of enchant armour.
  1730 | D:3      | 1730 ||| ENCHANTING +1 pair of boots.
  1816 | D:3      | Reached XP level 4. HP: 34/36 MP: 4/4
  1821 | D:3      | 1821 ||| FLEEEEING.
  1822 | D:3      | 1822 ||| FLEEEEING.
  1833 | D:3      | 1833 ||| FLEEEEING.
  1834 | D:3      | 1834 ||| FLEEEEING.
  1835 | D:3      | 1835 ||| FLEEEEING.
  1836 | D:3      | 1836 ||| FLEEEEING.
  1837 | D:3      | 1837 ||| FLEEEEING.
  1838 | D:3      | 1838 ||| FLEEEEING.
  1984 | D:3      | Reached skill level 5 in Ranged Weapons
  2083 | D:3      | Found a radiant altar of Vehumet.
  2112 | D:3      | Found Maefab's Antique Weapon Boutique.
  2159 | D:3      | Reached skill level 3 in Fighting
  2159 | D:3      | Reached XP level 5. HP: 44/45 MP: 5/5
  2238 | D:3      | Found a faded altar of an unknown god.
  2595 | D:3      | 2595 ||| READING scroll labelled PETAIFYDOI.
  2673 | D:3      | 2673 ||| READING 2 scrolls of identify.
  2673 | D:3      | 2673 ||| IDENTIFYING metallic golden potion
  2701 | D:4      | Found Oxkag's General Store.
  2706 | D:4      | 2706 ||| SHOPLISTING +4 ring of protection (360 gold, have
                  | 144).
  2706 | D:4      | 2706 ||| BUYING potion of might (40 gold).
  2706 | D:4      | Bought a potion of might for 40 gold pieces
  2731 | D:4      | Noticed a phantom
  2745 | D:4      | Killed a phantom
  2746 | D:4      | Reached skill level 6 in Ranged Weapons
  2821 | D:4      | Found Mosmyxt's Jewellery Shop.
  2833 | D:4      | 2833 ||| SHOPLISTING +4 ring of slaying (1014 gold, have
                  | 114).
  2833 | D:4      | 2833 ||| SHOPLISTING amulet of faith (520 gold, have 114).
  2833 | D:4      | 2833 ||| SHOPLISTING amulet of regeneration (390 gold, have
                  | 114).
  2833 | D:4      | 2833 ||| SHOPLISTING amulet of the acrobat (390 gold, have
                  | 114).
  2833 | D:4      | 2833 ||| SHOPLISTING ring "Qathraxt" {rF+ EV+5} (650 gold,
                  | have 114).
  2833 | D:4      | 2833 ||| SHOPLISTING ring of Equilibrium {rN+ Dex+7} (542
                  | gold, have 114).
  2833 | D:4      | 2833 ||| SHOPLISTING ring of protection from cold (325
                  | gold, have 114).
  2833 | D:4      | 2833 ||| SHOPLISTING ring of see invisible (195 gold, have
                  | 114).
  2921 | D:4      | 2921 ||| READING scroll labelled SUOBRI FUUGORU.
  3204 | D:4      | Reached XP level 6. HP: 52/52 MP: 6/6
  3227 | D:4      | Found Ykeso's General Store.
  3316 | D:4      | Found Bokati's General Store.
  3319 | D:4      | Found Igusk's Distillery.
  3323 | D:4      | 3323 ||| BUYING potion of mutation (112 gold).
  3323 | D:4      | Bought a potion of mutation for 112 gold pieces
  3323 | D:4      | 3323 ||| BUYING scroll of identify (28 gold).
  3323 | D:4      | Bought a scroll of identify for 28 gold pieces
  3330 | D:4      | 3330 ||| SHOPLISTING 2 potions of mutation (160 gold, have
                  | 24).
  3330 | D:4      | 3330 ||| SHOPLISTING potion of curing (30 gold, have 24).
  3330 | D:4      | 3330 ||| SHOPLISTING potion of enlightenment (50 gold, have
                  | 24).
  3330 | D:4      | 3330 ||| SHOPLISTING potion of might (40 gold, have 24).
  3334 | D:4      | 3334 ||| FLEEEEING.
  3335 | D:4      | 3335 ||| FLEEEEING.
  3336 | D:4      | 3336 ||| FLEEEEING.
  3337 | D:4      | 3337 ||| FLEEEEING.
  3357 | D:4      | 3357 ||| FLEEEEING.
  3488 | D:4      | 3488 ||| UPGRADING to +0 pair of gloves.
  3493 | D:4      | 3493 ||| DRINKING 2 sapphire potions.
  3494 | D:4      | 3494 ||| READING 4 scrolls of identify.
  3494 | D:4      | 3494 ||| IDENTIFYING fuming brown potion
  3495 | D:4      | 3495 ||| READING 3 scrolls of identify.
  3495 | D:4      | 3495 ||| IDENTIFYING silvery potion
  3496 | D:4      | 3496 ||| READING 2 scrolls of identify.
  3496 | D:4      | 3496 ||| IDENTIFYING glowing brown potion
  3497 | D:4      | 3497 ||| DROPPING potion of ambrosia.
  3523 | D:5      | Entered Level 5 of the Dungeon
  3523 | D:5      | Noticed a shadow
  3529 | D:5      | 3529 ||| STAIRDANCE
  3541 | D:4      | HP: 13/52 [shadow (3)]
  3542 | D:4      | 3542 ||| READING 3 scrolls of teleportation.
  3546 | D:4      | 3546 ||| FLEEEEING.
  3547 | D:4      | 3547 ||| FLEEEEING.
  3548 | D:4      | 3548 ||| FLEEEEING.
  3549 | D:4      | 3549 ||| FLEEEEING.
  3550 | D:4      | 3550 ||| FLEEEEING.
  3551 | D:4      | 3551 ||| FLEEEEING.
  3552 | D:4      | 3552 ||| FLEEEEING.
  3553 | D:4      | 3553 ||| FLEEEEING.
  3554 | D:4      | 3554 ||| FLEEEEING.
  3555 | D:4      | 3555 ||| FLEEEEING.
  3564 | D:4      | HP: 10/52 [shadow (6)]
  3565 | D:4      | 3565 ||| READING 2 scrolls of teleportation.
  3566 | D:4      | 3566 ||| DRINKING potion of heal wounds.
  3712 | D:5      | 3712 ||| STAIRDANCE
  3714 | D:4      | HP: 13/52 [shadow imp/nerve-wracking pain (12)]
  3715 | D:4      | 3715 ||| READING scroll of teleportation.
  3716 | D:4      | Slain by an ogre

Levels and vault maps discovered:
D:1:      scummos_arrival_gate, layout_loops_cross
D:2:      layout_basic, basic_altar, st_stairs_6, grunt_ministairs_9
D:3:      layout_basic, lemuel_doored_altar, serial_glass, glass_columns_c,
          glass_columns_a, feat_on_display,
          hellmonk_ecumenical_altar_arch_garden, serial_shops, shop,
          chequers_garden
D:4:      layout_cave_pods, serial_shops, nicolae_take_the_stairs, shop,
          nicolae_shop_crystal, shop, shop, hangedman_glass_teeth
D:5:      cheibrodos_quashed, layout_loops_ring, uniq_edmund, uniq_ijyb

Skill      XL: |  1  2  3  4  5  6 |
---------------+-------------------+-----
Ranged Weapons | 3 4 5 6 |  6.4
Fighting       | 2 3 4 |  4.1
Armour         | 1 |  1.1
Dodging        | |  2.1
Spellcasting   | |  1.0
Hexes          | |  2.0

Action                     |  1- 3 |  4- 6 || total
---------------------------+-------+-------++-------
   Fire: Sling             |   122 |   148 ||   270
    Use: Scroll            |     9 |     9 ||    18
         Potion            |       |     2 ||     2
 Armour: Robe              |     7 |       ||     7
         Ring mail         |    19 |    62 ||    81
  Dodge: Dodged            |    23 |    51 ||    74

Table legend:
 A = Non-vault XP
 B = Vault XP
 C = Vault XP percentage of total XP
 D = Non-vault monster count
 E = Vault monster count
 F = Vault count percentage of total count
                 A         B        C        D         E       F
            +---------+---------+-------+---------+---------+-------
      Total |     522 |       3 |   0.6 |      75 |       2 |   2.6
            +---------+---------+-------+---------+---------+-------
        D:1 |      23 |       0 |   0.0 |      13 |       0 |   0.0
        D:2 |      58 |       3 |   4.9 |      19 |       2 |   9.5
        D:3 |     148 |       0 |   0.0 |      24 |       0 |   0.0
        D:4 |     293 |       0 |   0.0 |      19 |       0 |   0.0
            +---------+---------+-------+---------+---------+-------
